AoeStats
← MatzeAoE

MegaRandom

506442979Analyzed
1v1 RM · 19d ago on Sep 13, 2026· 43m 1s· 2 players
Game mode
Random Map
Map size
Tiny (2 player)
Population
200
Speed
Normal
Resources
Standard
Victory
Conquest
Starting age
Dark Age
Ending age
Imperial Age
RankedLock teamsTeams togetherTeam positionsShared explorationLock speedFull tech treeHidden civsTurbo modeCheats
Victory
Defeat
🇩🇪 Bengalis · Germany
2170
+14
🇨🇳 Mongols · China
2134
-14
xingxing
8:17 Loom
12:33 Feudal Age
16:53 Castle Age
14:39 Double-Bit Axe
15:16 Stone Mining
18:00 Fletching
19:22 Bodkin Arrow
22:06 Padded Archer Armor
24:12 Ballistics
24:12 Leather Archer Armor
36:05 Bow Saw
MatzeAoE
11:18 Feudal Age
12:19 Loom
15:47 Castle Age
14:03 Double-Bit Axe
17:37 Fletching
17:48 Padded Archer Armor
19:18 Bow Saw
20:02 Bodkin Arrow
23:24 Town Watch
24:44 Ballistics
Connection lost

Rejoining the realm…

Still unreachable

The connection could not be restored.

Session expired

The server has moved on; the page needs a fresh start.